 Dungeon Crawl Stone Soup version 0.29-a0-341-g24ffce5b50 (webtiles) character file.

Game seed: 910023845550664243

5887 Morbidden the Grappler (level 10, -2/94 HPs)
             Began as a Troll Warper on Apr 20, 2022.
             Slain by a gnoll sergeant
             ... wielding a +0 glaive
              (15 damage)
             ... in a bailey.
             The game lasted 00:15:25 (7383 turns).

Morbidden the Grappler (Troll Warper)               Turns: 7383, Time: 00:15:25

Health: -2/94      AC:  7    Str: 24    XL:     10   Next: 52%
Magic:  11/15      EV: 11    Int: 21    God:
Gold:   315        SH:  0    Dex:  9    Spells: 4/17 levels left

rFire   . . .      SeeInvis .     - Unarmed
rCold   + . .      Faith    .   (no shield)
rNeg    . . .      Spirit   .   o - +1 robe of Zoenog {Will- Str+3 Int+8}
rPois   .          Reflect  .   E - +2 hat
rElec   .          Harm     .   (no cloak)
rCorr   .          Rampage  .   (gloves unavailable)
Will    .....                   (boots unavailable)
Stlth   +.........              (no amulet)
HPRegen 1.05/turn               t - ring of wizardry
MPRegen 0.14/turn               C - ring of protection from cold

@: confused, ambrosia-drunk
A: large, unfitting armour, claws 3, regeneration 1, shaggy fur 1, tough skin 1
a: no special abilities


You were in a bailey.
You visited 2 branches of the dungeon, and saw 9 of its levels.
You also visited: Bailey.

You collected 451 gold pieces.
You spent 136 gold pieces at shops.

Inventory:

Missiles
 c - 5 boomerangs of dispersal (quivered)
 j - 2 poisoned darts
 r - 3 boomerangs
Armour
 o - the +1 robe of Zoenog (worn) {Will- Str+3 Int+8}
   (You bought it in a shop on level 2 of the Dungeon)

   Str:       It affects your strength (+3).
   Int:       It affects your intelligence (+8).
   Will:      It decreases your willpower.
 E - a +2 hat (worn)
Jewellery
 h - a ring of ice
 t - a ring of wizardry (left claw)
 C - a ring of protection from cold (right claw)
Wands
 a - a wand of mindburst (16)
 d - a wand of paralysis (10)
 i - a wand of flame (15)
 k - a wand of iceblast (19)
 w - a wand of acid (13)
 A - a wand of polymorph (8)
Scrolls
 b - a scroll of blinking
 e - a scroll of identify
 l - 2 scrolls of vulnerability
 m - a scroll of enchant armour
 n - a scroll of teleportation
 s - 2 scrolls of immolation
 x - a scroll of enchant weapon
 y - 3 scrolls of fog
Potions
 p - a potion of brilliance
 q - 3 potions of curing
 u - a potion of flight
 v - a potion of haste


   Skills:
 * Level 4.6 Fighting
 + Level 1.5 Throwing
 * Level 5.3 Dodging
 + Level 0.9 Stealth
 * Level 9.3 Unarmed Combat
 * Level 4.3 Spellcasting
 * Level 5.1 Translocations
 * Level 3.2 Evocations


You had 4 spell levels left.
You knew the following spells:

 Your Spells              Type           Power      Damage    Failure   Level
a - Gell's Gravitas       Tloc           26%        N/A       1%          3
b - Manifold Assault      Tloc           26%        N/A       16%         5
c - Teleport Other        Tloc           26%        N/A       1%          3
z - Blink                 Tloc           52%        N/A       1%          2

Your spell library contained the following spells:

 Spells                   Type           Power      Damage    Failure   Level
 Apportation              Tloc           52%        N/A       1%          1
 Lesser Beckoning         Tloc           26%        N/A       1%          3
 Animate Skeleton         Necr           8%         N/A       4%          1
 Summon Small Mammal      Summ           16%        N/A       4%          1
 Scorch                   Fire           8%         2d5       8%          2
 Flame Wave               Conj/Fire      4%         2d5       41%         4
 Summon Cactus Giant      Summ           2%         N/A       99%         6


Dungeon Overview and Level Annotations

Branches:
Dungeon (8/15)             Temple (1/1) D:7            Lair (0/6) D:8
 Bailey (1/1)

Altars:
Ashenzari
Cheibriados
Dithmenos
Elyvilon
Fedhas
Gozag
Hepliaklqana
Kikubaaqudgha
Makhleb
Nemelex Xobeh
Okawaru
Qazlal
Ru
Sif Muna
Trog
Uskayaw
Vehumet
Wu Jian
Xom
Yredelemnul
Zin
The Shining One

Shops:
D:2 [

Annotations:
D:4 Edmund
D:7 1 runed translucent door


Innate Abilities, Weirdness & Mutations

You are too large for most types of armour.
You have claws for hands.
Your natural rate of healing is unusually fast.
You are covered in fur. (AC +1)
You have tough skin. (AC +1)


Message History

Gravity reorients around the gnoll sergeant.
The gnoll collides with the gnoll sergeant!
The gnoll sergeant is moderately wounded.
The gnoll collides with the gnoll!
The gnoll sergeant collides with the gnoll sergeant!
The gnoll sergeant is moderately wounded.
Unknown command.
Casting: Gell's Gravitas (safe; 1% risk of failure)
Confirm with . or Enter, or press ? or * to list all spells.
You don't have enough magic to cast this spell.
Unknown command.
Unknown command.
The gnoll barely misses you.
Unknown command.
The gnoll sergeant hits you from afar with a +0 glaive!
Unknown command.
The gnoll hits you but does no damage. The gnoll barely misses you.
The gnoll sergeant closely misses you.
Items here: ) [ ††.
Unknown command.
The gnoll sergeant attacks as you move away!
The gnoll sergeant barely misses you.
The gnoll sergeant hits you from afar with a +0 glaive!
* * * LOW HITPOINT WARNING * * *
The gnoll hits you with a +0 spear.
* * * LOW HITPOINT WARNING * * *
Unknown command.
Unknown command.
The gnoll attacks as you move away! The gnoll hits you with a +0 spear.
* * * LOW HITPOINT WARNING * * *
The gnoll hits you from afar with a +0 spear.
* * * LOW HITPOINT WARNING * * *
Unknown command.
You are confused.
You feel invigorated. The gnoll misses you.
The gnoll sergeant hits you from afar with a +0 glaive!
* * * LOW HITPOINT WARNING * * *
Unknown command.
The gnoll sergeant hits you from afar with a +0 glaive!
You die...

♣..≈..# ### ♣♣..≈..#
...# ♣♣...≈..#####
.....
#♣♣♣.......'.).#...$..
#∩..∩......'...'...8..
#♣♣♣...)...'...#...$..
♣♣.gg≈..##### .....
♣...≈g.# ...# ♣.@.≈g.#
### ♣♣..≈..# ♣♣.≈..#
♣.≈..# ♣♣≈≈...#
♣≈≈≈≈≈≈ ♣♣♣♣♣♣


You could see 2 gnoll sergeants and 2 gnolls.

Vanquished Creatures
  Pikel (D:4)
  A wyvern (D:8)
  A wraith (D:7)
  9 yaks
  A basilisk (D:8)
  A water moccasin (D:8)
  3 ice beasts
  An orc warrior (D:8)
  2 black bears
  A sky beast (D:5)
  3 ogres
  5 centaurs
  A lemure (D:4)
  A phantom (D:5)
  Blork the orc (D:4)
  2 bullfrogs
  A gnoll sergeant (D:7)
  2 scorpions
  3 wights (D:7)
  A howler monkey (D:8)
  3 electric eels (D:6)
  A gnoll shaman (D:7)
  7 hounds
  2 jellies
  7 orc priests
  Jessica (D:3)
  Ijyb (D:3)
  2 iguanas
  12 orc wizards
  5 adders
  12 gnolls
  A shadow imp (D:8)
  2 white imps
  2 ufetubi (D:6)
  A worm (D:2)
  4 dart slugs
  25 orcs
  8 endoplasms
  5 giant cockroaches
  20 goblins
  4 hobgoblins
  5 jackals
  3 kobolds
  2 quokkas
  10 ball pythons
  7 bats
  5 frilled lizards
  11 rats
209 creatures vanquished.

Vanquished Creatures (collateral kills)
  A yak (D:8)
  2 water moccasins (D:8)
3 creatures vanquished.

Vanquished Creatures (others)
  A shadow imp (D:6)
  2 fungi (D:8)
  17 plants
20 creatures vanquished.

Grand Total: 232 creatures vanquished

Notes
Turn   | Place    | Note
-------+----------+-------------------------------------------
     0 | D:1      | Morbidden the Troll Warper began the quest for the Orb.
     0 | D:1      | Reached XP level 1. HP: 19/19 MP: 1/1
   100 | D:1      | Reached skill level 1 in Throwing
   145 | D:1      | Reached XP level 2. HP: 25/28 MP: 2/2
   340 | D:1      | Reached XP level 3. HP: 34/35 MP: 4/4
   591 | D:2      | Found an ancient bone altar of Kikubaaqudgha.
   745 | D:2      | Identified the +0 quarterstaff of Chagrin {holy, +Blink rF+
                  | Int-5}
   778 | D:2      | Reached XP level 4. HP: 42/42 MP: 5/5
   802 | D:2      | Learned a level 2 spell: Blink
   892 | D:2      | Reached skill level 3 in Unarmed Combat
   966 | D:2      | Found Awaymm's Antique Armour Shoppe.
  1186 | D:3      | Noticed Jessica
  1288 | D:3      | Found a faded altar of an unknown god.
  1306 | D:2      | Bought an ominously black robe for 136 gold pieces
  1306 | D:2      | Identified the +1 robe of Zoenog {Will- Str+3 Int+8} (You
                  | bought it in a shop on level 2 of the Dungeon)
  1366 | D:3      | Noticed a scorpion
  1374 | D:3      | Killed a scorpion
  1375 | D:3      | Reached XP level 5. HP: 46/49 MP: 6/6
  1379 | D:3      | Learned a level 3 spell: Gell's Gravitas
  1438 | D:3      | Noticed Ijyb
  1455 | D:3      | Killed Ijyb
  1584 | D:3      | Killed Jessica
  1985 | D:4      | Reached skill level 4 in Unarmed Combat
  1991 | D:4      | Reached XP level 6. HP: 57/57 MP: 7/7
  2108 | D:4      | Noticed Blork the orc
  2118 | D:4      | Killed Blork the orc
  2165 | D:4      | Reached skill level 5 in Unarmed Combat
  2254 | D:4      | Noticed Edmund
  2443 | D:4      | Noticed Pikel
  2470 | D:4      | Killed Pikel
  2471 | D:4      | Reached skill level 6 in Unarmed Combat
  2471 | D:4      | Reached skill level 1 in Evocations
  2471 | D:4      | Reached XP level 7. HP: 35/66 MP: 7/9
  2506 | D:4      | Found a hazy altar of Hepliaklqana.
  2741 | D:5      | Entered Level 5 of the Dungeon
  2754 | D:5      | Reached XP level 8. HP: 73/74 MP: 10/10
  3002 | D:5      | Reached skill level 7 in Unarmed Combat
  4187 | D:6      | Reached XP level 9. HP: 80/83 MP: 12/12
  5061 | D:7      | Learned a level 5 spell: Manifold Assault
  5118 | D:7      | Found a runed translucent door.
  5118 | D:7      | Noticed a sixfirhy
  5140 | D:7      | Found a staircase to the Ecumenical Temple.
  5532 | D:7      | Reached skill level 8 in Unarmed Combat
  5603 | Temple   | Entered the Ecumenical Temple
  6762 | D:8      | Reached XP level 10. HP: 94/94 MP: 14/14
  6775 | D:8      | Reached skill level 5 in Dodging
  6785 | D:8      | Reached skill level 9 in Unarmed Combat
  7047 | D:8      | Found a staircase to the Lair.
  7082 | D:8      | Reached skill level 5 in Translocations
  7215 | D:8      | Found a flagged portal.
  7229 | Bailey   | Entered a bailey
  7334 | Bailey   | Learned a level 3 spell: Teleport Other
  7383 | Bailey   | Slain by a gnoll sergeant

Illustrated notes

Levels and vault maps discovered:
D:1:      lemuel_arrival_rhombus, layout_loops_ring, eino_curves_03,
          nicolae_grassy_gnolls
D:2:      minmay_chambers_of_twos, layout_rooms, serial_glass, glass_columns_c,
          glass_columns_c, basic_altar, serial_shops, nicolae_shop_stone,
          minmay_hexomino_c4
D:3:      minmay_recursive_quarters, layout_rooms,
          hellmonk_ecumenical_altar_crossroads, uniq_ijyb, uniq_jessica
D:4:      layout_basic, lemuel_round_altar, uniq_blork_the_orc, uniq_pikel,
          uniq_edmund
D:5:      layout_basic
D:6:      wad_lake_hut, layout_basic
D:7:      cheibrodos_shockbox, layout_basic, temple_doors_e,
          grunt_decor_fettered, hex_tiny
D:8:      layout_loops_ring, minmay_lair_entry_grove, enter_bailey_5,
          minmay_misc_feat_more_columns, kennysheep_cross_room, st_stairs_8,
          minmay_evil_grid
Temple:   mainiacjoe_temple_starburst
Bailey:   bailey_polearm_gnolls_kennysheep, bailey

Skill      XL: |  1  2  3  4  5  6  7  8  9 10 |
---------------+-------------------------------+-----
Dodging        | 2 3 4 5 |  5.3
Throwing       | 1 |  1.5
Fighting       | 2 3 4 |  4.6
Unarmed Combat | 3 4 6 7 8 9 |  9.3
Spellcasting   | 2 3 4 |  4.3
Translocations | 3 4 5 |  5.1
Evocations     | 1 2 3 |  3.2
Stealth        | |  0.9

Action                   |  1- 3 |  4- 6 |  7- 9 | 10-12 || total
-------------------------+-------+-------+-------+-------++-------
Melee: Unarmed           |    84 |   179 |   227 |   106 ||   596
       Punch             |       |     3 |    10 |     5 ||    18
Throw: Dart              |     1 |     6 |    11 |       ||    18
       Boomerang         |       |       |     1 |     1 ||     2
 Cast: Gell's Gravitas   |       |     4 |    23 |    11 ||    38
       Manifold Assault  |       |       |     1 |     3 ||     4
Evoke: Wand              |       |       |    10 |     3 ||    13
  Use: Potion            |       |     2 |       |     3 ||     5
       Scroll            |       |       |    10 |     5 ||    15
 Stab: Sleeping          |     1 |       |       |       ||     1
       Paralysed         |       |       |       |     2 ||     2
Armor: Robe              |    29 |    56 |    68 |    45 ||   198
Dodge: Dodged            |    30 |    85 |   100 |    52 ||   267

Table legend: (Time is in decaauts)
 A = Elapsed time spent in this place.
 B = Non-inter-level travel time spent in this place.
 C = Inter-level travel time spent in this place.
 D = Time resting spent in this place.
 E = Time spent auto-exploring this place.
 F = Levels seen in this place.
 G = Mean time per level.
                   A        B        C        D        E       F      G
               +--------+--------+--------+--------+--------+-----+--------+
         Total |   7379 |   7006 |    373 |    669 |   4480 |  10 |  737.9 |
       Dungeon |   6662 |   6336 |    326 |    587 |   3967 |   8 |  832.8 |
        Temple |    564 |    517 |     47 |      0 |    510 |   1 |  564.0 |
        Bailey |    152 |    152 |      0 |     82 |      3 |   1 |  152.0 |
               +--------+--------+--------+--------+--------+-----+--------+

Top non-repeatable levels by time:
     D:7: 1635 daAuts
     D:6: 950 daAuts
     D:5: 844 daAuts
     D:4: 813 daAuts
     D:2: 673 daAuts
     D:3: 669 daAuts
     D:1: 589 daAuts
  Temple: 564 daAuts
     D:8: 486 daAuts
  Bailey: 152 daAuts
